 Dungeon Crawl Stone Soup version 0.18-a0-1186-gd02dc51 (webtiles) character file.

11952 Kidiri the Thaumaturge (level 11, -3/62 HPs)
             Began as a Deep Elf Conjurer on Jan 29, 2016.
             Was a High Priest of Vehumet.
             Slain by an eight-headed hydra (6 damage)
             ... on level 1 of the Lair of Beasts.
             The game lasted 01:10:17 (17301 turns).

Kidiri the Thaumaturge (Deep Elf Conjurer)         Turns: 17301, Time: 01:10:17

Health: -3/62      AC:  8    Str:  5    XL:     11   Next: 56%
Magic:  25/41      EV: 19    Int: 22    God:    Vehumet [*****.]
Gold:   137        SH:  8    Dex: 18    Spells: 10 memorised, 1 level left

rFire  + . .     SeeInvis .     O - staff of power
rCold  + + .     Gourm    .     r - +2 robe {MR+}
rNeg   . . .     Faith    +     q - +3 buckler {rC+}
rPois  .         Spirit   .     o - +0 hat of the Spider Nest {Dex+3}
rElec  .         Dismiss  .     (no cloak)
rCorr  .         Reflect  .     g - +2 pair of gloves
SustAt .         Harm     .     (no boots)
MR     ++++.     Clarity  +     v - amulet of faith
Stlth  ++++......               a - ring of protection from fire
                                G - ring of protection from magic

@: hasted, very quick, incredibly resistant to hostile enchantments, stealthy
A: fangs 1, talons 1, rugged brown scales 1, clarity, cold resistance 1, dopey
1, magic resistance 1, regeneration 1, evolution 1
a: Renounce Religion


You were on level 1 of the Lair of Beasts.
You worshipped Vehumet.
Vehumet was extremely pleased with you.
You were not hungry.

You visited 3 branches of the dungeon, and saw 12 of its levels.
You also visited: Sewer.

You collected 617 gold pieces.
You spent 480 gold pieces at shops.

Inventory:

Missiles
 H - 7 javelins (quivered)
Armour
 g - a +2 pair of gloves (worn)
 o - the +0 hat of the Spider Nest (worn) {Dex+3}
   (You found it on level 5 of the Dungeon)

   It affects your dexterity (+3).
 q - a +3 buckler of cold resistance (worn)
 r - a +2 robe of magic resistance (worn)
 x - a troll hide
 N - a +0 shield
Magical Staves
 y - an uncursed staff of earth
 O - an uncursed staff of power (weapon)
Jewellery
 a - a ring of protection from fire (right hand)
 d - an uncursed ring of fire
 u - an uncursed ring of flight
 v - an amulet of faith (around neck)
 G - a ring of protection from magic (left hand)
Wands
 s - a wand of fire (0/15)
 E - a wand of polymorph (12/24)
 K - a wand of cold (8/15)
 L - a wand of slowing (34/48)
Scrolls
 e - 5 scrolls of remove curse
 i - 2 scrolls of vulnerability
 m - 2 scrolls of magic mapping
 n - 4 scrolls of teleportation
 p - 4 scrolls of noise
 w - 3 scrolls of immolation
 B - a scroll of fog
 C - a scroll of amnesia
 D - a scroll of enchant armour
 Q - a scroll of brand weapon
Potions
 f - 2 potions of curing
 k - 2 potions of ambrosia
 l - 4 potions of flight
 t - a potion of brilliance
 F - 2 potions of lignification
 J - a potion of agility
Books
 M - a book of Spatial Translocations

   Spells                             Type                      Level
   a - Apportation                    Translocation                1
   b - Blink                          Translocation                2
   c - Shroud of Golubria             Charms/Translocation         2
   d - Portal Projectile              Translocation                3
   e - Teleport Other                 Translocation                3
   f - Passage of Golubria            Translocation                4
Comestibles
 b - a beef jerky
 c - 6 bread rations
 h - 6 chunks of flesh
 j - a slice of pizza
 z - 36 fruits
 A - 4 meat rations
 P - a royal jelly


   Skills:
 + Level 4.0 Fighting
 + Level 4.3 Staves
 + Level 3.4 Armour
 * Level 8.8 Dodging
 + Level 6.1 Stealth
 + Level 3.7 Shields
 * Level 9.6 Spellcasting
 * Level 8.7 Conjurations
 + Level 6.2 Hexes
 + Level 2.3 Charms
 + Level 1.5 Translocations
 + Level 3.8 Ice Magic
 + Level 2.4 Air Magic
 + Level 3.5 Earth Magic
 + Level 3.8 Poison Magic
 - Level 4.0 Evocations


You had one spell level left.
You knew the following spells:

 Your Spells              Type           Power        Failure   Level  Hunger
a - Sting                 Conj/Pois      ####         1%          1    None
b - Searing Ray           Conj           #####.       1%          2    None
c - Dazzling Spray        Conj/Hex       #####...     1%          3    None
d - Iskenderun's Mystic   Conj           #####...     1%          4    ##.....
e - Fulminant Prism       Conj/Hex       #####.....   1%          4    ##.....
g - Throw Frost           Conj/Ice       #####.       1%          2    None
h - Stone Arrow           Conj/Erth      #####.       1%          3    None
i - Static Discharge      Conj/Air       #####...     1%          3    None
j - Iskenderun's Battles  Conj/Chrm      #####...     5%          5    ####...
k - Apportation           Tloc           ###.......   4%          1    None


Dungeon Overview and Level Annotations

Branches:
Dungeon (10/15)            Temple (1/1) D:5            Lair (1/8) D:10
    Orc (0/2) D:10

Altars:
Ashenzari
Cheibriados
Dithmenos
Elyvilon
Fedhas
Gozag
Kikubaaqudgha
Makhleb
Nemelex Xobeh
Okawaru
Pakellas
Qazlal
Ru
Sif Muna
Trog
Vehumet
Xom
Yredelemnul
Zin
The Shining One
Lugonu

Shops:
D:6 ?   D:9 ?   D:10 (:![?

Portals:
Trove: D:10 (give +6 demon trident)


Innate Abilities, Weirdness & Mutations

You have very sharp teeth.
You have sharp toenails.
You are partially covered in rugged brown scales (AC +1, +3% HP).
You possess an exceptional clarity of mind.
Your flesh is cold resistant.
You are dopey. (Int -2)
You are resistant to hostile enchantments.
Your natural rate of healing is unusually fast.
You evolve.


Message History

Read which item? (? for menu, Esc to quit)
Okay, then.
Unknown command.
Drink which item? (? for menu, Esc to quit)
You feel better. The eight-headed hydra misses you.
The eight-headed hydra bites you but does no damage.
The eight-headed hydra bites you!
* * * LOW HITPOINT WARNING * * *
You block the eight-headed hydra's attack.
The eight-headed hydra barely misses you.
You block the eight-headed hydra's attack.
The eight-headed hydra completely misses you.
The eight-headed hydra bites you but does no damage.
Drink which item? (? for menu, Esc to quit)
You feel yourself speed up.
The eight-headed hydra barely misses you.
The eight-headed hydra bites you.
* * * LOW HITPOINT WARNING * * *
The eight-headed hydra bites you.
You die...

#..................##
#................#..####
#.#....................
..#...............#...
..#...............#.#
..##..........#.....###
.###.........##.......#
.# #.......####.......##
.# ##....### ##@......#
.## #..### ##D......#
..# #### #......... .##
#P.......... ##
#...........
#%...........
#..%%%........
#....%P%.......
##....%........


You could see an eight-headed hydra.

Vanquished Creatures
  The ghost of 4thArraOfDagon the Basher, a novice OgBe of Trog (D:7)
  Pikel (D:5)
  Joseph (D:8)
  A kobold demonologist (D:10)
  The ghost of tasslehoff34 the Skirmisher, an amateur MiCK of Xom (Sewer)
  3 trolls
  4 polar bears
  Prince Ribbit (D:9)
  A two-headed ogre (D:8)
  2 wraiths
  5 yaks
  2 hogs
  6 hippogriffs
  A hungry ghost (D:9)
  A wolf (D:8)
  A water moccasin (D:9)
  4 ice beasts
  6 orc warriors
  3 sky beasts
  2 black bears (D:8)
  2 wasps (D:8)
  7 ogres
  A phantom (D:7)
  A necrophage (D:9)
  2 centaurs
  3 big kobolds
  4 gnoll sergeants
  10 giant frogs
  Blork the orc (D:5)
  3 scorpions
  3 killer bees (D:7)
  A centaur zombie (D:9)
  7 crimson imps
  A quasit (D:7)
  2 giant frog skeletons (D:8)
  A jelly (D:5)
  2 centaur skeletons
  5 hounds
  7 orc priests
  Jessica (D:2)
  Ijyb (D:2)
  3 iguanas
  13 orc wizards
  4 worker ants
  2 sheep (D:8)
  2 hound skeletons
  3 worker ant zombies
  15 adders
  14 gnolls
  2 river rats (D:10)
  3 shadow imps
  An ooze (D:5)
  An adder zombie (D:8)
  9 worms
  19 giant geckos
  61 orcs
  16 bats
  15 giant cockroaches
  5 goblins
  5 hobgoblins
  10 jackals
  8 quokkas
  2 ball pythons
  A giant gecko zombie (D:8)
  11 giant newts
  12 kobolds
  2 quokka zombies
  16 rats
367 creatures vanquished.

Vanquished Creatures (others)
  A slave (D:9)
  An ogre (D:9)
  A phantom (D:4)
  An orc priest (D:4)
  An orc wizard (D:9)
  An ooze (D:4)
  3 orcs
  11 fungi (D:10)
  7 plants (D:10)
27 creatures vanquished.

Grand Total: 394 creatures vanquished

Notes
Turn   | Place    | Note
--------------------------------------------------------------
     0 | D:1      | Kidiri the Deep Elf Conjurer began the quest for the Orb.
     0 | D:1      | Reached XP level 1. HP: 10/10 MP: 6/6
   168 | D:1      | Reached XP level 2. HP: 13/15 MP: 0/8
   172 | D:1      | Learned a level 2 spell: Searing Ray
  1153 | D:2      | Reached XP level 3. HP: 18/20 MP: 6/9
  1158 | D:2      | Learned a level 3 spell: Dazzling Spray
  1640 | D:2      | Noticed Jessica
  1644 | D:2      | Killed Jessica
  1644 | D:2      | Reached skill level 1 in Fighting
  1644 | D:2      | Reached skill level 1 in Hexes
  1644 | D:2      | Reached XP level 4. HP: 25/25 MP: 4/11
  1653 | D:2      | Learned a level 4 spell: Iskenderun's Mystic Blast
  1672 | D:2      | Reached skill level 5 in Conjurations
  1817 | D:2      | Found a shimmering altar of Xom.
  1942 | D:2      | Noticed Ijyb
  1954 | D:2      | Killed Ijyb
  1954 | D:2      | Reached XP level 5. HP: 25/29 MP: 0/13
  2522 | D:3      | Found a sacrificial altar of Ru.
  3052 | D:3      | Reached skill level 1 in Armour
  3154 | D:3      | Found a deep blue altar of Sif Muna.
  3635 | D:4      | Reached XP level 6. HP: 30/34 MP: 3/14
  3802 | D:4      | Noticed a moth of wrath
  3806 | D:4      | Found a bloodstained altar of Trog.
  3906 | D:4      | Learned a level 4 spell: Fulminant Prism
  4543 | D:4      | Found a radiant altar of Vehumet.
  4551 | D:4      | Reached skill level 1 in Evocations
  4697 | D:4      | Became a worshipper of Vehumet
  4947 | D:5      | Entered Level 5 of the Dungeon
  5100 | D:5      | Gained mutation: Your natural rate of healing is unusually fast. [potion of mutation]
  5100 | D:5      | Gained mutation: You possess an exceptional clarity of mind. [potion of mutation]
  5265 | D:5      | Noticed a sky beast
  5281 | D:5      | Killed a sky beast
  5281 | D:5      | Reached skill level 5 in Spellcasting
  5281 | D:5      | Reached XP level 7. HP: 14/39 MP: 2/16
  5370 | D:4      | Gained mutation: Armour fits poorly on your strangely shaped body. [mutagenic meat]
  5371 | D:4      | Gained mutation: You have sharp toenails. [mutagenic meat]
  5372 | D:4      | Gained mutation: You evolve. [mutagenic meat]
  5556 | D:5      | Reached skill level 1 in Staves
  5560 | D:5      | Gained mutation: You are dopey. (Int -2) [mutagenic meat]
  5562 | D:5      | Gained mutation: You are partially covered in iridescent scales (AC +4). [mutagenic meat]
  5585 | D:5      | Noticed Blork the orc
  5624 | D:4      | Gained mutation: You are partially covered in rugged brown scales (AC +1, +3% HP). [mutagenic meat]
  5626 | D:4      | Lost mutation: Armour fits poorly on your strangely shaped body. [mutagenic meat]
  5627 | D:4      | Lost mutation: You are partially covered in iridescent scales (AC +4). [mutagenic meat]
  5628 | D:4      | Gained mutation: You occasionally shout uncontrollably at your foes. [mutagenic meat]
  5769 | D:5      | Killed Blork the orc
  5769 | D:5      | Reached skill level 6 in Conjurations
  5870 | D:4      | Lost mutation: You occasionally shout uncontrollably at your foes. [evolution]
  5972 | D:5      | Reached skill level 5 in Dodging
  6158 | D:5      | Got an ancient hat
  6169 | D:5      | Identified the cursed +0 hat of the Spider Nest {Dex+3} (You found it on level 5 of the Dungeon)
  6445 | D:5      | Reached * piety under Vehumet
  6445 | D:5      | Offered knowledge of Sting by Vehumet.
  6448 | D:5      | Learned a level 1 spell: Sting
  6567 | D:5      | Reached XP level 8. HP: 42/45 MP: 11/19
  6939 | D:5      | Found a staircase to the Ecumenical Temple.
  6945 | Temple   | Entered the Ecumenical Temple
  7587 | D:5      | Found a radiant altar of Vehumet.
  7608 | D:6      | Offered knowledge of Throw Frost by Vehumet.
  7611 | D:6      | Reached ** piety under Vehumet
  7661 | D:6      | Found a glowing drain.
  7676 | Sewer    | Entered a sewer
  7753 | Sewer    | Learned a level 2 spell: Throw Frost
  7806 | Sewer    | Noticed tasslehoff34's ghost (amateur MiCK)
  7845 | Sewer    | Killed tasslehoff34's ghost
  7845 | Sewer    | Reached skill level 1 in Poison Magic
  8058 | Sewer    | Offered knowledge of Stone Arrow by Vehumet.
  8063 | Sewer    | Learned a level 3 spell: Stone Arrow
  8118 | Sewer    | Reached skill level 1 in Ice Magic
  8453 | D:6      | Reached skill level 7 in Conjurations
  8480 | D:6      | Identified a scroll of acquirement
  8528 | D:6      | Noticed Pikel
  8629 | D:6      | Reached XP level 9. HP: 16/50 MP: 1/21
  8833 | D:6      | Found a glowing golden altar of the Shining One.
  9021 | D:5      | Killed Pikel
  9021 | D:5      | Reached skill level 1 in Shields
  9021 | D:5      | Reached skill level 1 in Earth Magic
  9106 | D:6      | Reached *** piety under Vehumet
  9149 | D:6      | Gained mutation: Your magical capacity is low (-10% MP). [potion of mutation]
  9149 | D:6      | Gained mutation: You are resistant to hostile enchantments. [potion of mutation]
  9286 | D:6      | Found Qithrot's Magic Scroll Shoppe.
  9295 | D:6      | Bought a scroll of identify for 24 gold pieces
  9295 | D:6      | Bought a scroll of teleportation for 36 gold pieces
  9295 | D:6      | Bought a scroll of amnesia for 42 gold pieces
  9295 | D:6      | Bought a scroll of identify for 24 gold pieces
  9295 | D:6      | Bought a scroll of enchant armour for 90 gold pieces
  9786 | D:7      | Found a shadowy altar of Dithmenos.
  9795 | D:7      | Found a stormy altar of Qazlal.
 10070 | D:7      | Noticed 4thArraOfDagon's ghost (novice OgBe)
 10084 | D:7      | Killed 4thArraOfDagon's ghost
 10084 | D:7      | Reached skill level 5 in Stealth
 10221 | D:7      | Found a basalt altar of Yredelemnul.
 10362 | D:7      | Found a snail-covered altar of Cheibriados.
 10558 | D:8      | Found a sparkling altar of Nemelex Xobeh.
 10655 | D:8      | Offered knowledge of Static Discharge by Vehumet.
 10660 | D:8      | Learned a level 3 spell: Static Discharge
 10722 | D:8      | Lost mutation: Your magical capacity is low (-10% MP). [evolution]
 11117 | D:8      | Reached XP level 10. HP: 57/57 MP: 17/23
 11364 | D:8      | Found a huge runed gate.
 11364 | D:8      | Found a huge runed gate.
 11365 | D:8      | Found a huge runed gate.
 11393 | D:8      | Found a huge runed gate.
 11590 | D:8      | Noticed Joseph
 11601 | D:8      | Killed Joseph
 11601 | D:8      | Reached skill level 8 in Spellcasting
 11716 | D:8      | Reached skill level 5 in Hexes
 11977 | D:8      | Reached **** piety under Vehumet
 12052 | D:7      | Offered knowledge of Force Lance by Vehumet.
 12052 | D:7      | Reached skill level 1 in Air Magic
 13016 | D:8      | Reached skill level 9 in Spellcasting
 13574 | D:9      | Found a glowing silver altar of Zin.
 13868 | D:9      | Gained mutation: You have very sharp teeth. [evolution]
 13876 | D:9      | Reached ***** piety under Vehumet
 13876 | D:9      | Offered knowledge of Bolt of Cold by Vehumet.
 13876 | D:9      | Reached XP level 11. HP: 44/61 MP: 22/26
 13883 | D:9      | Learned a level 5 spell: Iskenderun's Battlesphere
 14006 | D:9      | Found Vinluin's Magic Scroll Shoppe.
 14035 | D:9      | Bought a scroll of identify for 32 gold pieces
 14179 | D:9      | Found a shattered altar of Ashenzari.
 14365 | D:9      | Found a blossoming altar of Fedhas.
 14876 | D:9      | Noticed Prince Ribbit
 14956 | D:9      | Found a glowing silver altar of Zin.
 15113 | D:10     | Entered Level 10 of the Dungeon
 15132 | D:10     | Reached skill level 1 in Charms
 15366 | D:10     | Found Jicaihob's Magic Scroll Emporium.
 15374 | D:10     | Bought a scroll of teleportation for 45 gold pieces
 15374 | D:10     | Bought a scroll of identify for 30 gold pieces
 15374 | D:10     | Bought a scroll of identify for 30 gold pieces
 15374 | D:10     | Bought a scroll of identify for 30 gold pieces
 15374 | D:10     | Bought a scroll of amnesia for 52 gold pieces
 15374 | D:10     | Bought a scroll of teleportation for 45 gold pieces
 15418 | D:10     | Learned a level 1 spell: Apportation
 15464 | D:10     | Found Acefiliu's Antique Armour Boutique.
 15837 | D:10     | Found a portal to a secret trove of treasure.
 16050 | D:10     | Found Tolac's Distillery.
 16072 | D:9      | Killed Prince Ribbit
 16072 | D:9      | Reached skill level 1 in Translocations
 16170 | D:10     | Found Tatec's Weapon Shoppe.
 16170 | D:10     | Found Nyuqok's Book Boutique.
 16623 | D:10     | Offered knowledge of Conjure Ball Lightning by Vehumet.
 16849 | D:10     | Gained mutation: Your flesh is cold resistant. [evolution]
 16943 | D:10     | Found a staircase to the Lair.
 17097 | D:10     | Found a staircase to the Orcish Mines.
 17192 | Lair:1   | Entered Level 1 of the Lair of Beasts
 17290 | Lair:1   | Noticed an eight-headed hydra
 17301 | Lair:1   | HP: 3/62 [eight-headed hydra (5)]
 17301 | Lair:1   | Slain by an eight-headed hydra

Vault maps used:
D:1:      dpeg_arrival_erosion
D:2:      xom_teletrap_fun, kennysheep_cross_room, uniq_iyjb, uniq_jessica
D:3:      lemuel_crystal_altar, marbit_many_paths
D:4:      tgw_trog, fiery_altar_vehumet, first_bread
D:5:      lemuel_upstairs_altar, minmay_temple_entry_enclosed_plants,
          minivault_23, dk_vineyard_1, uniq_blork_the_orc
D:6:      overflow_temple_1_default, serial_shops, shop, gup_sewer_entry_pipe,
          uniq_pikel
D:7:      cheibriados_altar_1, nicolae_overflow_crystal_walls,
          amethyst_overflow_temple_binary
D:8:      lemuel_bear_cage, nemelex_xobeh_ov_fountains_minmay, uniq_joseph
D:9:      nicolae_ashenzari_panopticon, kennysheep_mini, serial_shops,
          nicolae_shop_window_shopping, basic_altar, hangedman_tree_tricks,
          uniq_prince_ribbit1
D:10:     grunt_lair_entry_orc_guard_hut,
          kennysheep_orc_monster_closet_entryway, serial_shops,
          nicolae_shop_competitors_out_of_business, shop, shop, shop,
          nicolae_shop_competitors_out_of_business, enter_trove_0,
          kennysheep_generic_room_4
Temple:   corrupted_temple
Lair:1:   lemuel_fruit_tree, lemuel_fruit_fields
Sewer:    sewer_frog_island_01

Action                   |  1- 3 |  4- 6 |  7- 9 | 10-12 || total
-------------------------+-------+-------+-------+-------++-------
Melee: Whip              |     3 |       |       |       ||     3
       Club              |     2 |       |       |       ||     2
       Dagger            |    12 |       |       |       ||    12
       Short sword       |       |    29 |       |       ||    29
       Quarterstaff      |       |    25 |    62 |       ||    87
       Staff             |       |       |    15 |    45 ||    60
 Cast: Magic Dart        |    74 |   166 |   228 |   135 ||   603
       Dazzling Spray    |     3 |    19 |    48 |    25 ||    95
       Stone Arrow       |       |       |    42 |   196 ||   238
       Iskenderun's Myst |       |       |     2 |       ||     2
       Searing Ray       |       |       |     2 |       ||     2
       Sting             |       |       |       |    92 ||    92
Evoke: Wand              |       |       |     3 |       ||     3
  Use: Scroll            |     5 |     3 |    19 |    11 ||    38
       Potion            |     1 |     1 |     3 |     3 ||     8
 Stab: Invisible         |     2 |     4 |    11 |       ||    17
       Sleeping          |       |     1 |     5 |     3 ||     9
  Eat: Chunk             |     2 |    11 |    24 |    14 ||    51
       Pizza             |     1 |       |       |     1 ||     2
       Bread ration      |     1 |       |       |       ||     1
       Meat ration       |       |       |     1 |     1 ||     2
       Beef jerky        |       |       |     1 |       ||     1
